[Event "Chinese League Div-A Rapid 2022"]
[Site "Fuling,Chongqing"]
[Date "2022.09.19"]
[Round "11.9"]
[White "Zhai, Mo"]
[Black "Shao, Qiyu"]
[Result "1-0"]
[ECO "D85"]
[WhiteElo "2374"]
[BlackElo "1467"]
[Annotator "TA"]
[PlyCount "43"]
[EventDate "2022.09.07"]
[EventType "team-tourn"]
[EventCountry "CHN"]
[SourceTitle "playchess.com"]
[Source "ChessBase"]
[SourceQuality "1"]
[TimeControl "1500+10"]

1. d4 Nf6 2. c4 g6 3. Nc3 d5 4. cxd5 Nxd5 5. e4 Nxc3 6. bxc3 Bg7 7. Nf3 c5 8. Be3 cxd4 9. cxd4 Nc6 10. Be2 O-O 11. O-O {[%emt 0:00:27] CPLX 2.4} e5 {[%emt 0:00:49] CPLX 2.2 40 (Bc8-g4) (=40). D85: Exchange Grünfeld: Unusual White 7th moves and lines with 7 Nf3.} 12. d5 {[%emt 0:00:20] EASY} Ne7 {[%emt 0:00:27] [#] CPLX 2.4 68 (Nc6-a5) (=54)} (12... Na5 $16 {was called for.}) 13. Bc5 $146 {[%emt 0:00:14] CPLX 2.1} ({Predecessor:} 13. Qb3 b6 14. Rac1 Bb7 15. Bg5 Qd7 16. Rc2 Rac8 17. Bc4 Qd6 18. Bc1 Kh8 19. Ba3 Qf6 20. Rfc1 Rfd8 21. Qe3 Bf8 22. Bb2 Qd6 23. Bxe5+ Qxe5 24. Nxe5 Ng8 25. Nxf7+ {1-0 (25) Bielfeldt,M (1506)-Dorn,A Gross Groenau 2008}) 13... Re8 {[%emt 0:00:25] BESTDEEP. White is clearly better.} 14. Qb3 {[%emt 0:00:38] White is more active.} Kh8 $2 {[%emt 0:00:42] [#] CPLX 2.5 295 (b7-b6) (=101)} (14... b6 $16 {is a better defense.}) 15. Ng5 {[%emt 0:00:19] CPLX 2.5=>BLUNDERREACT. White is clearly winning.} Rf8 {[%emt 0:02:03] CPLX 3.2 0 (Kh8-g8) (=81)} 16. d6 {[%emt 0:00:24] BESTDEEP} Nc6 {[%emt 0:02:32] CPLX 3.3 54 (Ne7-g8) (=76)} 17. Nxf7+ {[%emt 0:01:47] EASY} Rxf7 {[%emt 0:00:02] RECAPT} 18. Qxf7 {[%emt 0:00:02] RECAPT} b6 {[%emt 0:00:11] CPLX 3.9 90 (Ra8-b8) (=68)} 19. Be3 {[%emt 0:00:05] CPLX 4.1} Nd4 {[%emt 0:01:44] CPLX 4.1 82 (Qd8xd6) (=70)} 20. Bxd4 {[%emt 0:00:33] CPLX 4.7} exd4 {[%emt 0:00:03] RECAPT} 21. e5 {[%emt 0:00:50] BESTDEEP} Bxe5 {[%emt 0:00:27] EVAL 173 (Bc8-f5) (=73)} 22. Qd5 {[%emt 0:00:04][%csl LRa8,LRe5] White took control after the opening.  Weighted Error Value: White=0.00 (flawless) /Black=0.75} 1-0

[Event "Chinese League Div-A Rapid 2022"]
[Site "Fuling,Chongqing"]
[Date "2022.09.19"]
[Round "11.10"]
[White "Yan, Tianqi"]
[Black "Sun, Fanghui"]
[Result "1-0"]
[ECO "B85"]
[WhiteElo "2188"]
[BlackElo "2182"]
[Annotator "NA RC"]
[PlyCount "51"]
[EventDate "2022.09.07"]
[EventType "team-tourn"]
[EventCountry "CHN"]
[SourceTitle "playchess.com"]
[Source "ChessBase"]
[SourceQuality "1"]
[TimeControl "1500+10"]

1. e4 c5 2. Nf3 d6 3. d4 cxd4 4. Nxd4 Nf6 5. Nc3 a6 6. Be2 e6 7. O-O Qc7 8. f4 Be7 9. Be3 O-O 10. g4 Nc6 11. g5 Nd7 12. f5 Nxd4 13. Qxd4 Rd8 14. f6 Bf8 15. Rf3 d5 16. exd5 Bc5 17. Qh4 Bxe3+ 18. Rxe3 Qc5 19. Qf2 exd5 20. b4 Qc6 21. Bd3 Nf8 22. fxg7 Ng6 23. Rf1 Be6 24. Bxg6 hxg6 25. Rh3 f5 26. Qd4 1-0

[Event "Chinese League Div-A Rapid 2022"]
[Site "Fuling,Chongqing"]
[Date "2022.09.19"]
[Round "11.11"]
[White "Li, Haoyu"]
[Black "Peng, Xiongjian"]
[Result "1/2-1/2"]
[ECO "D14"]
[WhiteElo "2369"]
[BlackElo "2454"]
[Annotator "TA"]
[PlyCount "31"]
[EventDate "2022.09.07"]
[EventType "team-tourn"]
[EventCountry "CHN"]
[SourceTitle "playchess.com"]
[Source "ChessBase"]
[SourceQuality "1"]
[TimeControl "1500+10"]

1. d4 d5 2. c4 c6 3. cxd5 cxd5 4. Nc3 Nf6 5. Nf3 Nc6 6. Bf4 Bf5 7. e3 e6 8. Bd3 Bxd3 9. Qxd3 Bd6 10. Bxd6 Qxd6 11. O-O O-O 12. Nb5 {[%emt 0:00:25] [#]} Qe7 $146 ({Predecessor:} 12... Qb4 13. a3 Qe7 14. Nc3 Qd6 15. Nb5 Qe7 16. Nc3 Qd6 17. Nb5 Qe7 {½-½ (17) Garcia,J (2444)-Gomez,J (2481) Ho Chi Minh City 2017}) 13. Nc3 Qd6 14. Nb5 Qe7 15. Nc3 Qd6 16. Nb5 {[%emt 0:00:17] A rather calm draw. D14: Slav Defence: Exchange variation with ...Bf5.} 1/2-1/2

[Event "Chinese League Div-A Rapid 2022"]
[Site "Fuling,Chongqing"]
[Date "2022.09.19"]
[Round "11.12"]
[White "Li, Chao b"]
[Black "Wan, Yunguo"]
[Result "1/2-1/2"]
[ECO "C01"]
[WhiteElo "2679"]
[BlackElo "2508"]
[Annotator "TA"]
[PlyCount "29"]
[EventDate "2022.09.07"]
[EventType "team-tourn"]
[EventCountry "CHN"]
[SourceTitle "playchess.com"]
[Source "ChessBase"]
[SourceQuality "1"]
[TimeControl "1500+10"]

1. e4 e6 2. d4 d5 3. exd5 exd5 4. Nf3 Nf6 5. Bd3 Bd6 6. Qe2+ Qe7 7. Qxe7+ Kxe7 $1 {[%emt 0:00:05][%mdl 4] is now more promising than 7...Bxe7.} 8. O-O {[%emt 0:00:08] C01: French: Exchange Variation.} Re8 9. Bg5 h6 10. Bh4 {[%emt 0:02:28] The position is equal.} Nbd7 11. Re1+ Kf8 12. Nbd2 Rxe1+ 13. Rxe1 {[%emt 0:00:04] [#]} Nh5 $146 ({Predecessor:} 13... c6 14. c3 Nh5 15. Bc2 b6 16. Nf1 Ba6 17. Ne3 g6 18. Ng4 Kg7 19. Nge5 Nxe5 20. dxe5 Bc5 21. b4 Bf8 22. e6 Re8 23. e7 {1-0 (25) Aveskulov,V (2526)-Hernandez,G (2371) ICC INT 2009}) 14. Bg3 Nxg3 15. hxg3 {[%emt 0:00:12] Weighted Error Value: White=0.14 (very precise) /Black=0.04 (flawless)} 1/2-1/2

[Event "Chinese League Div-A Rapid 2022"]
[Site "Fuling,Chongqing"]
[Date "2022.09.19"]
[Round "11.13"]
[White "Zhang, Di"]
[Black "Zhang, Pengxiang"]
[Result "1/2-1/2"]
[ECO "D10"]
[WhiteElo "2108"]
[BlackElo "2564"]
[Annotator "TA"]
[PlyCount "32"]
[EventDate "2022.09.07"]
[EventType "team-tourn"]
[EventCountry "CHN"]
[SourceTitle "playchess.com"]
[Source "ChessBase"]
[SourceQuality "1"]
[TimeControl "1500+10"]

1. d4 d5 2. c4 c6 3. cxd5 cxd5 4. Nc3 Nf6 5. Bf4 Nc6 6. e3 a6 7. Bd3 Bg4 8. Qb3 {[%emt 0:00:41] D10: Slav Defence: 3 cxd5 (without early Nf3) and 3 Nc3.} Na5 9. Qc2 Nc6 10. a3 Rc8 11. h3 Bd7 12. Nf3 e6 13. O-O Be7 {[%emt 0:00:16] [#]} 14. Rac1 $146 ({Predecessor:} 14. Bh2 b5 15. Rfc1 Na5 16. Ne5 Nc4 17. e4 Nxe5 18. dxe5 Nxe4 19. Bxe4 dxe4 20. Qxe4 {½-½ (44) Gavin Roche,E (2278)-Horton,J (2137) Aragon 2009}) 14... O-O 15. Qe2 b5 16. a4 {[%emt 0:01:59] White is more active.} (16. b4 $14) 16... Nb4 {[%emt 0:01:29] Weighted Error Value: White=0.14 (very precise) /Black=0.08 (flawless)} 1/2-1/2

[Event "Chinese League Div-A Rapid 2022"]
[Site "Fuling,Chongqing"]
[Date "2022.09.19"]
[Round "11.14"]
[White "Zhang, Lanlin"]
[Black "Wang, Yu A."]
[Result "1/2-1/2"]
[ECO "C47"]
[WhiteElo "2135"]
[BlackElo "2271"]
[Annotator "NA RC"]
[PlyCount "69"]
[EventDate "2022.09.07"]
[EventType "team-tourn"]
[EventCountry "CHN"]
[SourceTitle "playchess.com"]
[Source "ChessBase"]
[SourceQuality "1"]
[TimeControl "1500+10"]

1. e4 e5 2. Nf3 Nc6 3. d4 exd4 4. Nxd4 Nf6 5. Nc3 Bb4 6. Nxc6 bxc6 7. Bd3 d5 8. exd5 cxd5 9. O-O O-O 10. Bg5 c6 11. Qf3 Bd6 12. Rae1 h6 13. Bxf6 Qxf6 14. Qxf6 gxf6 15. Ne2 Rb8 16. b3 Bd7 17. Ng3 Be5 18. Nf5 Bxf5 19. Bxf5 c5 20. Rd1 Rbd8 21. c4 dxc4 22. bxc4 Rxd1 23. Rxd1 Rb8 24. Rb1 Rxb1+ 25. Bxb1 Kf8 26. g3 Ke7 27. Kf1 Bd4 28. Ke2 Ke6 29. Bc2 f5 30. f4 Bg1 31. h3 Bd4 32. g4 fxg4 33. hxg4 Bg1 34. Bb1 Bh2 35. Kf3 1/2-1/2

[Event "Chinese League Div-A Rapid 2022"]
[Site "Fuling,Chongqing"]
[Date "2022.09.19"]
[Round "11.15"]
[White "Zhang, Xiaowen"]
[Black "Guo, Weibao"]
[Result "1/2-1/2"]
[ECO "C06"]
[WhiteElo "2307"]
[BlackElo "1907"]
[Annotator "TA"]
[PlyCount "46"]
[EventDate "2022.09.07"]
[EventType "team-tourn"]
[EventCountry "CHN"]
[SourceTitle "playchess.com"]
[Source "ChessBase"]
[SourceQuality "1"]
[TimeControl "1500+10"]

1. e4 e6 2. d4 d5 3. Nd2 Nf6 4. e5 Nfd7 5. Bd3 c5 6. c3 Nc6 7. Ne2 cxd4 8. cxd4 f6 9. exf6 Nxf6 10. Nf3 Bd6 11. O-O Qc7 12. Ng3 O-O 13. Bd2 Bd7 {[%emt 0:00:26] CPLX 2.5. C06: French Tarrasch: 3...Nf6 4 e5 Nfd7 5 Bd3 main lines.} 14. Rc1 {[%emt 0:00:09] CPLX 2.5 8 (Bd2-c3) (=4)} Qb6 {[%emt 0:01:12][%csl LRb2,LRd4] CPLX 2.7 9 (Ra8-e8) (=5)} 15. Bc3 {[%emt 0:01:54] CPLX 2.9} Bf4 {[%emt 0:01:21] CPLX 2.6 17 (g7-g6) (=9)} 16. Rc2 {[%emt 0:02:12] BESTDEEP} Rac8 {[%emt 0:02:21] CPLX 2.7 14 (Nc6-b4) (=10)} 17. a3 {[%emt 0:00:41] [#] Black got outplayed after the opening.  Weighted Error Value: White=0.02 (flawless) /Black=0.10 (very precise)} {Predecessor:} Na5 $146 18. Bb4 Rxc2 19. Bxc2 Rc8 20. Ne5 Be8 21. Ng4 Nd7 22. Re1 h5 23. Ne2 Bb8 {½-½ (40) Kahl,F (2265)-Pech,J (2050) DESC email 2014} 1/2-1/2

[Event "Chinese League Div-A Rapid 2022"]
[Site "Fuling,Chongqing"]
[Date "2022.09.19"]
[Round "11.16"]
[White "Wen, Yang"]
[Black "Zhou, Weiqi"]
[Result "1/2-1/2"]
[ECO "C92"]
[WhiteElo "2588"]
[BlackElo "2597"]
[Annotator "TA"]
[PlyCount "30"]
[EventDate "2022.09.07"]
[EventType "team-tourn"]
[EventCountry "CHN"]
[SourceTitle "playchess.com"]
[Source "ChessBase"]
[SourceQuality "1"]
[TimeControl "1500+10"]

1. e4 e5 2. Nf3 Nc6 3. Bb5 a6 4. Ba4 Nf6 5. O-O Be7 6. Re1 b5 7. Bb3 d6 8. c3 O-O 9. h3 Re8 10. d4 Bb7 11. Ng5 Rf8 12. Nf3 Re8 13. Ng5 Rf8 14. Nf3 Re8 {[%emt 0:00:03] [#] 14...h6 is more advanced technology.} 15. Ng5 $146 ({Predecessor:} 15. a3 Bf8 16. d5 Na5 17. Ba2 c6 18. dxc6 Bxc6 19. Bg5 Nc4 20. Nbd2 Nb6 21. Nh2 h6 22. Bxf6 Qxf6 23. Re3 Ra7 24. Ng4 {0-1 (54) Tari,A (2660)-Le,Q (2709) Chess.com INT 2022}) 15... Rf8 1/2-1/2

[Event "Chinese League Div-A Rapid 2022"]
[Site "Fuling,Chongqing"]
[Date "2022.09.19"]
[Round "11.17"]
[White "Xue, Haowen"]
[Black "Lin, Yi"]
[Result "1-0"]
[ECO "C54"]
[WhiteElo "2128"]
[BlackElo "2394"]
[Annotator "TA"]
[PlyCount "126"]
[EventDate "2022.09.07"]
[EventType "team-tourn"]
[EventCountry "CHN"]
[SourceTitle "playchess.com"]
[Source "ChessBase"]
[SourceQuality "1"]
[TimeControl "1500+10"]

1. e4 e5 2. Nf3 Nc6 3. Bc4 Nf6 4. d3 Bc5 5. O-O d6 6. c3 Bb6 7. Bb3 O-O 8. Nbd2 Be6 9. h3 {[%emt 0:00:40] CPLX 2.5 44 (Bb3xe6) (=44)} h6 {[%emt 0:00:09] CPLX 2.6 35 (Be6xb3) (=35). C54: Giuoco Piano: 4 c3 Nf6, main lines with 5 d4 and 5 d3.} 10. Re1 {[%emt 0:00:13] CPLX 2.6 21 (Bb3xe6) (=33)} Ne7 {[%emt 0:00:19] CPLX 2.9 40 (a7-a5) (=38)} 11. Bc2 {[%emt 0:00:39] CPLX 2.9 46 (Bb3xe6) (=37)} (11. Bxe6 $14 {is more appropriate.} fxe6 12. Nc4) 11... Ng6 {[%emt 0:00:16] CPLX 2.7 11 (c7-c5) (=29). The position is equal.} 12. d4 {[%emt 0:00:57] CPLX 2.7} c6 {[%emt 0:01:45] [#] CPLX 2.5 27 (e5xd4) (=28)} 13. b3 $146 {[%emt 0:00:30] CPLX 2.4 35 (Nd2-f1) (=29)} ({Predecessor:} 13. Nf1 Qc7 14. Be3 Rad8 15. Qc1 Rfe8 16. Ng3 Qd7 17. a4 Bc7 18. a5 a6 19. Ra4 {1-0 (38) Radjabov,T (2744)-Harikrishna,P (2669) Ningbo 2011}) 13... Re8 {[%emt 0:00:07] BESTDEEP} 14. Bb2 {[%emt 0:00:39] CPLX 2.4 39 (Nd2-f1) (=31)} Nh7 {[%emt 0:04:30] CPLX 2.4 49 (Qd8-d7) (=27)} (14... Qd7 $15) 15. a4 $11 {[%emt 0:04:21] BESTDEEP} a5 {[%emt 0:00:32] CPLX 2.3 20 (Bb6-c7) (=26)} 16. Nc4 {[%emt 0:00:48] CPLX 2.3 20 (Bb2-c1) (=26)} Bc7 {[%emt 0:01:02] BESTDEEP} 17. Ba3 {[%emt 0:01:54] BESTDEEP} Bxc4 {[%emt 0:05:26] RELBLUND 78 (e5xd4) (=29)} (17... exd4 $11 18. Nxd4 (18. Qxd4 Ng5 $11) 18... Ng5) 18. bxc4 $16 {[%emt 0:00:01] RECAPT} b6 {[%emt 0:00:11] CPLX 2.3 4 (Nh7-f6) (=26)} 19. Nh2 {[%emt 0:01:34] BESTDEEP} Nf6 {[%emt 0:00:14] CPLX 2.3 6 (Ra8-c8) (=25)} 20. Nf1 {[%emt 0:00:44] CPLX 2.3 1 (d4-d5) (=17)} Nf4 {[%emt 0:00:16] CPLX 2.3 20 (Ra8-c8) (=24)} 21. Bc1 {[%emt 0:01:00] CPLX 2.9} Nh7 {[%emt 0:03:19] CPLX 2.9 11 (Qd8-d7) (=23)} 22. Ne3 {[%emt 0:02:14] BESTDEEP} Ng5 {[%emt 0:00:36] CPLX 2.6 41 (Qd8-g5) (=24)} 23. d5 {[%emt 0:00:45] BESTDEEP} c5 {[%emt 0:00:40] CPLX 3.0 14 (Ng5-h7) (=24)} 24. h4 {[%emt 0:00:19] CPLX 2.8} Nh7 {[%emt 0:00:02] CPLX 3.0} 25. g3 {[%emt 0:00:03] EASY} Ng6 {[%emt 0:00:05] BESTDEEP} 26. Qf3 {[%emt 0:00:25] CPLX 2.3 7 (Bc2-d3) (=12)} Ne7 {[%emt 0:01:19] CPLX 2.5 0 (Qd8-d7) (=20)} 27. Bd1 {[%emt 0:00:50][%cal Bc2d1,Bd1e2,Be2f1,Bf1h3][%mdl 32] CPLX 2.4 0 (Kg1-g2) (=11)} Rf8 {[%emt 0:00:04] CPLX 2.4 0 (Ra8-b8) (=19)} 28. Be2 {[%emt 0:00:43] CPLX 2.2 4 (Bc1-d2) (=11)} Kh8 {[%emt 0:03:00] CPLX 2.2 4 (Qd8-d7) (=18)} 29. Bf1 {[%emt 0:00:12] CPLX 2.2 21 (Be2-d3) (=11)} Qe8 {[%emt 0:01:27] CPLX 2.2 19 (f7-f5) (=18)} 30. Bh3 {[%emt 0:00:09] CPLX 2.2 14 (Bf1-d3) (=11)} Bd8 {[%emt 0:00:04] CPLX 2.3 31 (f7-f5) (=19)} 31. Kh2 {[%emt 0:00:29] CPLX 2.3 16 (Ra1-a2) (=12)} Ra7 {[%emt 0:00:06] CPLX 2.3 11 (Ra8-b8) (=18)} 32. Nc2 {[%emt 0:00:37] CPLX 2.3 103 (Ra1-a2) (=15)} (32. Ra2 $16) 32... Rb7 {[%emt 0:01:54] CPLX 2.4 85 (f7-f5) (=21)} (32... f5 $1 $14) 33. Bd2 {[%emt 0:00:08] RELBLUND 132 (Qf3-d3) (=20)} (33. Qd3 $16) 33... f5 $1 $11 {[%emt 0:00:24] DEEPSTRONG=>BLUNDERREACT} 34. exf5 {[%emt 0:00:29] CPLX 2.7 18 (Qf3-e2) (=20)} Nxf5 {[%emt 0:00:10] RECAPT} 35. Qg2 {[%emt 0:02:27] MISS-Bh3xf5 104 (Bh3xf5) (=23)} (35. Bxf5 $11 g6 36. Bxh6 $1 Rxf5 37. Qg2) 35... Rbf7 {[%emt 0:00:05][%cal Of5h4] And now ...Nxh4! would win. MISSDEEP-Bd8xh4 44 (Bd8xh4) (=20)} 36. f4 $1 {[%emt 0:00:40] CPLX 2.9} Qe7 {[%emt 0:01:36] CPLX 3.1 70 (g7-g5) (=22)} (36... g5 $15 37. hxg5 hxg5 38. Bxf5 Rxf5) 37. Na3 $2 {[%emt 0:04:13] RELBLUND 229 (h4-h5) (=29)} (37. h5 $11 {and White has nothing to worry.}) 37... h5 $2 {[%emt 0:00:03] RELBLUND 311 (g7-g5) (=32)} (37... g5 $19 {White must now prevent ...gxf4.} 38. hxg5 hxg5 39. Bxf5 Rxf5) 38. Re2 $36 {[%emt 0:00:30][%mdl 2048] Keeping Black busy. CPLX 3.4 0 (Na3-b5) (=28)} Bc7 {[%emt 0:00:10] BESTDEEP} 39. Nb5 {[%emt 0:00:07] CPLX 3.2} g6 {[%emt 0:00:06] CPLX 3.3 12 (Bc7-b8) (=30)} 40. Rae1 {[%emt 0:00:35] CPLX 3.4 22 (f4xe5) (=27)} Bb8 {[%emt 0:00:13] CPLX 3.3} 41. Kh1 {[%emt 0:00:31] CPLX 3.3 2 (Kh2-g1) (=27)} Nf6 $2 {[%emt 0:00:04] [#] RELBLUND 171 (Rf8-g8) (=34)} (41... Rg8 $16) 42. fxe5 $2 {[%emt 0:00:03] RELBLUND 186 (Nb5xd6) (=31)} (42. Nxd6 $1 $18 Nxd6 43. fxe5) 42... dxe5 $14 {[%emt 0:00:01] RECAPT} 43. Bg5 {[%emt 0:00:03] CPLX 3.2 57 (Bd2-f4) (=32)} ({Better is} 43. Bf4 $1 $14) 43... Qd7 {[%emt 0:00:05] RELBLUND 105 (e5-e4) (=35)} (43... e4 $11 {remains equal.}) 44. d6 $16 {[%emt 0:00:42] Bxf5 is the strong threat. CPLX 3.4} Ng4 {[%emt 0:00:39] CPLX 3.7 66 (e5-e4) (=36)} ({Black should try} 44... e4) 45. Bxg4 {[%emt 0:00:10] EASY} hxg4 {[%emt 0:00:02] RECAPT} 46. Rxe5 {[%emt 0:00:12] CPLX 3.6 130 (Re2-d2) (=33)} (46. Rd2 $16) 46... Nxd6 $11 {[%emt 0:00:05] DEEPSTRONG=>BLUNDERREACT} 47. Re7 {[%emt 0:00:25] CPLX 3.1} Qf5 {[%emt 0:00:10] CPLX 3.6 0 (Rf7xe7) (=33)} 48. Rxf7 {[%emt 0:00:09] BESTDEEP} Qxf7 {[%emt 0:00:05] [#] RELBLUND 102 (Nd6xf7) (=35)} (48... Nxf7 $11 49. Rf1 Qe6) 49. Be7 $1 $16 {[%emt 0:00:14] White is more active. White now steadily converts the win. DEEPSTRONG=>BLUNDERREACT} Re8 {[%emt 0:00:12][%mdl 8192] MISSDEEP-Nd6-f5 400 (Nd6-f5) (=44)} (49... Nf5 $16 50. Bxf8 Qxf8) 50. Nxd6 $18 {[%emt 0:00:02] EASY. White is clearly winning.} Bxd6 {[%emt 0:00:02] [#] RECAPT} 51. Bf6+ {[%emt 0:00:01][%mdl 512] EASY} Kh7 {[%emt 0:00:02] CPLX 3.0 55 (Qf7xf6) (=43)} (51... Qxf6 52. Rxe8+) 52. Rxe8 {[%emt 0:00:02][%csl Gf6][%cal Re8h8] EASY} Qxf6 {[%emt 0:00:08][%mdl 4096] Endgame KQR-KQB. BESTDEEP} 53. Re3 {[%emt 0:00:19][%cal Be8e3,Be3e7,Be7e6,Be6b6,Bb6b1,Bb1f1,Bf1f4,Bf4g4][%mdl 32] BESTDEEP} ({Not} 53. Qb7+ Kh6 $16) 53... Be5 {[%emt 0:00:16] EVAL 169 (Qf6-f5) (=45)} 54. Qe2 {[%emt 0:00:16] EVAL} Bxc3 {[%emt 0:00:20] EVAL} 55. Re7+ {[%emt 0:00:05] EVAL} Kg8 {[%emt 0:00:14] BEVAL 400 (Kh7-h8) (=51)} 56. Qe6+ {[%emt 0:00:01] BEVAL} Qxe6 {[%emt 0:00:29] BEVAL 3 (Kg8-f8) (=50)} 57. Rxe6 {[%emt 0:00:01] KR-KB. BEVAL} Kf7 {[%emt 0:00:02] BEVAL 0 (Kg8-h7) (=49)} 58. Rxb6 {[%emt 0:00:03] BEVAL} Bd2 {[%emt 0:00:10] BEVAL 0 (Bc3-e1) (=48)} 59. Kg2 {[%emt 0:00:07] BEVAL} Be1 {[%emt 0:00:06] BEVAL 2 (Bd2-c3) (=47)} 60. Rb1 {[%emt 0:00:02] BEVAL 3 (Rb6-d6) (=24)} Bc3 {[%emt 0:00:08] BEVAL 2 (Be1-d2) (=47)} 61. Rf1+ {[%emt 0:00:06] BEVAL} Ke6 {[%emt 0:00:11] BEVAL 0 (Kf7-g7) (=46)} 62. Rf4 {[%emt 0:00:02] BEVAL} Bd2 {[%emt 0:00:06] BEVAL} 63. Rxg4 {[%emt 0:00:05] BEVAL} Kf5 {[%emt 0:00:00] Weighted Error Value: White=0.34/Black=0.47} 1-0

[Event "Chinese League Div-A Rapid 2022"]
[Site "Fuling,Chongqing"]
[Date "2022.09.19"]
[Round "11.18"]
[White "Xu, Yinglun"]
[Black "Xiao, Tong"]
[Result "1/2-1/2"]
[ECO "D41"]
[WhiteElo "2549"]
[BlackElo "2027"]
[Annotator "TA"]
[PlyCount "33"]
[EventDate "2022.09.07"]
[EventType "team-tourn"]
[EventCountry "CHN"]
[SourceTitle "playchess.com"]
[Source "ChessBase"]
[SourceQuality "1"]
[TimeControl "1500+10"]

1. c4 c5 2. Nf3 Nc6 3. Nc3 e6 4. g3 Nf6 5. Bg2 d5 6. cxd5 Nxd5 7. O-O Be7 8. d4 O-O 9. Nxd5 exd5 10. dxc5 Bxc5 11. b3 Bf5 {[%emt 0:03:09] D41: Queen's Gambit Declined: Semi-Tarrasch with 5 cxd5.} 12. Bb2 Be4 13. Rc1 Bb6 {[%emt 0:00:23] [#]} 14. Nd4 $146 ({Predecessor:} 14. Qd2 Re8 15. Rfd1 Qd6 16. e3 Rad8 17. Nd4 Ne5 18. Nb5 Qe6 19. Bxe5 Qxe5 20. Nd4 h5 21. h4 g5 22. hxg5 Qxg5 {1-0 (32) Huebner,R (2603)-Sutter,O (2368) Switzerland 2010}) 14... Nxd4 15. Bxd4 {[%emt 0:00:08] White is slightly better.} Qe7 {[%emt 0:00:06] [#] And now ...Bxg2 would win.} 16. Bxb6 axb6 17. a4 {[%emt 0:00:02] Black did not feel at home in the position after the opening.  Weighted Error Value: White=0.04 (flawless) /Black=0.07 (flawless)} 1/2-1/2

[Event "Chinese League Div-A Rapid 2022"]
[Site "Fuling,Chongqing"]
[Date "2022.09.19"]
[Round "11.19"]
[White "Chen, Yining"]
[Black "Song, Yuxin"]
[Result "1/2-1/2"]
[ECO "D27"]
[WhiteElo "1745"]
[BlackElo "2317"]
[Annotator "TA"]
[PlyCount "60"]
[EventDate "2022.09.07"]
[EventType "team-tourn"]
[EventCountry "CHN"]
[SourceTitle "playchess.com"]
[Source "ChessBase"]
[SourceQuality "1"]
[TimeControl "1500+10"]

1. d4 Nf6 2. c4 e6 3. Nf3 d5 4. Nc3 dxc4 5. e3 a6 6. a4 c5 7. Bxc4 Nc6 8. O-O Be7 9. Qe2 cxd4 10. Rd1 e5 11. exd4 exd4 12. Nxd4 Nxd4 13. Qe5 Qd6 14. Qxd6 Bxd6 15. Rxd4 Bc5 {[%emt 0:00:01] CPLX 2.4} 16. Rd1 {[%emt 0:00:43] D27: Queen's Gambit Accepted: Classical main line: 7 e4!? and 7 a4.} Be6 {[%emt 0:00:04] CPLX 3.0} 17. Bxe6 {[%emt 0:00:07] CPLX 2.4} fxe6 {[%emt 0:00:02] [#] RECAPT} 18. Be3 $146 {[%emt 0:00:07] CPLX 2.0 11 (Bc1-g5) (=4)} ({Predecessor:} 18. Kf1 Kf7 19. Ke2 Rhd8 20. Be3 Bxe3 21. Kxe3 e5 22. f3 Ke6 23. Rac1 Rxd1 24. Rxd1 {½-½ (47) Ivanchuk,V (2678)-Carlsen,M (2863) chess24.com INT 2020}) 18... Bxe3 {[%emt 0:00:15] CPLX 2.1} 19. fxe3 {[%emt 0:00:03] RECAPT} Ke7 {[%emt 0:00:02] CPLX 2.0} 20. h3 {[%emt 0:00:43] CPLX 2.0 0 (Rd1-d4) (=2)} Rac8 {[%emt 0:01:08] CPLX 2.0} 21. Rd3 {[%emt 0:00:38] CPLX 2.0 12 (Ra1-a3) (=4)} Rhd8 {[%emt 0:04:14] CPLX 2.0 9 (Rc8-c4) (=1)} 22. Rad1 {[%emt 0:00:14] CPLX 2.1 20 (Rd3xd8) (=6)} Rxd3 {[%emt 0:00:51] CPLX 2.3 13 (Rd8-d7) (=3)} 23. Rxd3 $15 {[%emt 0:00:05][%mdl 4096] Endgame KRN-KRN. RECAPT} Rc5 {[%emt 0:00:32] CPLX 2.0 12 (Rc8-c6) (=4)} 24. Kf2 {[%emt 0:02:20] CPLX 2.0. The position is equal.} b5 {[%emt 0:02:54] CPLX 2.0 16 (Rc5-c6) (=5)} 25. axb5 {[%emt 0:00:07] CPLX 2.0} axb5 {[%emt 0:00:02] RECAPT} 26. Rd4 {[%emt 0:01:00] CPLX 2.0} Rf5+ {[%emt 0:02:19] CPLX 2.0 0 (Nf6-e8) (=4)} 27. Ke1 {[%emt 0:01:09] CPLX 2.0 0 (Kf2-e2) (=4)} Rg5 {[%emt 0:00:02] BESTDEEP} 28. Kf2 {[%emt 0:00:04] CPLX 2.0} Rf5+ {[%emt 0:00:01] CPLX 2.0 0 (Rg5-c5) (=4)} 29. Ke1 {[%emt 0:00:02] CPLX 2.0 0 (Kf2-e2) (=3)} Rg5 {[%emt 0:00:00] BESTDEEP} 30. Kf2 {[%emt 0:00:01] CPLX 2.0} Rf5+ {[%emt 0:00:01] An uneventful encounter.  Weighted Error Value: White=0.03 (flawless) /Black=0.03 (flawless)} 1/2-1/2

[Event "Chinese League Div-A Rapid 2022"]
[Site "Fuling,Chongqing"]
[Date "2022.09.19"]
[Round "11.20"]
[White "Zhao, Shengxin"]
[Black "Li, Xueyi"]
[Result "1/2-1/2"]
[ECO "D14"]
[WhiteElo "2112"]
[BlackElo "2280"]
[Annotator "NA RC"]
[PlyCount "35"]
[EventDate "2022.09.07"]
[EventType "team-tourn"]
[EventCountry "CHN"]
[SourceTitle "playchess.com"]
[Source "ChessBase"]
[SourceQuality "1"]
[TimeControl "1500+10"]

1. d4 d5 2. c4 c6 3. cxd5 cxd5 4. Nf3 Nc6 5. Nc3 Nf6 6. Bf4 Bf5 7. e3 e6 8. Bd3 Bxd3 9. Qxd3 Bd6 10. Bxd6 Qxd6 11. O-O O-O 12. Rfc1 Rfc8 13. Ne2 Ne7 14. Rxc8+ Rxc8 15. Rc1 Rxc1+ 16. Nxc1 Ne4 17. Nd2 Nxd2 18. Qxd2 1/2-1/2